 Dungeon Crawl Stone Soup version bcrawl-1.38.1 (webtiles) character file.

Game seed: 13070434555018028191

11953108 kuniqs the Ruinous (level 19, -2/138 HPs)
             Began as a Demonspawn Conjurer on Apr 19, 2023.
             Was the Champion of Vehumet.
             Slain by a vampire knight
             ... wielding a +0 war axe
              (3 damage)
             ... on level 1 of the Crypt on Apr 20, 2023.
             The game lasted 01:18:53 (33352 turns).

kuniqs the Ruinous (Demonspawn Conjurer)           Turns: 33352, Time: 01:18:54

Health: -2/138     AC: 13    Str:  4    XL:     19   Next: 51%
Magic:  0/37       EV: 36    Int: 23    God:    Vehumet [******]
Gold:   1341       SH:  0    Dex: 38    Spells: 5/47 levels left

rFire    + . .     GDR:     43% N - +8 great sword of Skirmishing {slice, rPois MR+++ Str-4 Stlth+}
rCold    . . .     SeeInvis +   (shield currently unavailable)
rNeg     + . .     Gourm    .   a - +3 leather armour {rF+}
rPois    +         Faith    .   (helmet unavailable)
rElec    +         Spirit   +   I - +2 cloak
rCorr    +         Reflect  .   g - +2 pair of gloves
MR       +++++                  B - +2 pair of boots
Stlth    +++++++...             S - amulet of regeneration
HPRegen  0.33/turn              P - ring "Ximaunk" {EV+5 Dex+3}
MPRegen  0.50/turn              l - ring "Wixetugg" {rElec MR+ rCorr Dex+4}

@: very slightly contaminated
A: antennae 3, flexible skeleton 3, negative energy resistance 1, powered by
death 2, 50% torment resistance, magic shield, magic regeneration, black mark
}: 2/15 runes: serpentine, gossamer
a: Renounce Religion


You were on level 1 of the Crypt.
You worshipped Vehumet.
Vehumet was exalted by your worship.
You were not hungry.

You visited 8 branches of the dungeon, and saw 29 of its levels.
You also visited: Ossuary and Ice Cave.

You collected 3790 gold pieces.
You spent 2449 gold pieces at shops.

Inventory:

Hand Weapons
 N - the +8 great sword of Skirmishing (weapon) {slice, rPois MR+++ Str-4 Stlth+}
   (You found it on level 9 of the Dungeon)

   It will always inflict at least some extra damage.
   This minimum extra damage increases with your current reserve of magical
   power.
   It affects your strength (-4).
   It protects you from poison.
   It affects your resistance to hostile enchantments.
   It makes you more stealthy.
Armour
 a - a +3 leather armour of fire resistance (worn)
 g - a +2 pair of gloves (worn)
 B - a +2 pair of boots (worn)
 I - a +2 cloak (worn)
 R - a +0 troll leather armour
Jewellery
 l - the ring "Wixetugg" (right hand) {rElec MR+ rCorr Dex+4}
   (You bought it in a shop in the Orcish Mines)

   [ring of resist corrosion]

   It affects your dexterity (+4).
   It insulates you from electricity.
   It affects your resistance to hostile enchantments.
   It provides partial protection from all sources of acid and corrosion.
 p - an uncursed ring of flight
 y - an uncursed ring of protection from cold
 P - the ring "Ximaunk" (left hand) {EV+5 Dex+3}
   (You bought it in a shop in the Orcish Mines)

   [ring of evasion]

   It affects your evasion (+5).
   It affects your dexterity (+3).
 S - an amulet of regeneration (around neck)
Wands
 d - a wand of acid (10)
 k - a wand of iceblast (35)
 m - a wand of paralysis (27)
 t - a wand of polymorph (27)
 L - a wand of random effects (17)
 M - a wand of digging (3)
 Q - a wand of charming (9)
Scrolls
 f - 3 scrolls of teleportation
 h - 4 scrolls of fog
 n - 10 scrolls of remove curse
 o - 2 scrolls of enchant armour
 r - 7 scrolls of amnesia
 s - 4 scrolls of immolation
 A - 2 scrolls of blinking
 F - 7 scrolls of magic mapping
 G - a scroll of summoning
 K - 4 scrolls of fear
Potions
 b - 5 potions of haste
 c - 2 potions of magic
 j - 9 potions of heal wounds
 q - 4 potions of mutation
 u - 7 potions of brilliance
 v - a potion of resistance
 w - 5 potions of agility
 z - 5 potions of flight
 C - 2 potions of lignification
 D - 9 potions of curing
 E - a potion of invisibility
 J - 6 potions of ambrosia
 V - a potion of cancellation
Miscellaneous
 O - a lightning rod (inert)
Comestibles
 e - 61 rations {!d}


   Skills:
 - Level 9.0 Fighting
 - Level 13.0 Dodging
 - Level 13.0 Stealth
 - Level 14.5 Spellcasting
 - Level 21.1 Conjurations
 + Level 10.9 Air Magic


You had 5 spell levels left.
You knew the following spells:

 Your Spells              Type           Power        Failure   Level  Hunger
a - Magic Dart            Conj           ####         0%          1    None
b - Searing Ray           Conj           #######.     0%          2    None
c - Iskenderun's Mystic   Conj           #######.     0%          3    None
d - Mephitic Cloud        Conj/Pois/Air  ######..     1%          3    None
e - Conjure Flame         Conj/Fire      ######..     1%          3    None
f - Irradiate             Conj/Tmut      ######....   1%          5    None
g - Bolt of Fire          Conj/Fire      ######....   3%          6    ###....
h - Bolt of Draining      Conj/Necr      ######....   1%          5    None
i - Conjure Ball Lightni  Conj/Air       ######....   1%          6    ###....
j - Chain Lightning       Conj/Air       ######....   16%         8    ######.

Your spell library contained the following spells:

 Spells                   Type           Power        Failure   Level  Hunger
 Glaciate                 Conj/Ice/Air   ######....   77%         8    ######.
 Lehudib's Crystal Spear  Conj/Erth      ######....   77%         8    ######.
 Freeze                   Ice            ###...       1%          1    None
 Sandblast                Erth           ###...       1%          1    None
 Throw Frost              Conj/Ice       ######       1%          2    None
 Dazzling Orbs            Conj/Hex       ######.      1%          3    None
 Airstrike                Air            ######....   1%          4    None
 Fulminant Prism          Conj/Hex       ######....   1%          4    None
 Throw Icicle             Conj/Ice       ######..     1%          4    None
 Apportation              Tloc           ###...       6%          1    None
 Corona                   Hex            ###....      6%          1    None
 Infusion                 Chrm           ###.....     6%          1    None
 Necrotize                Necr           ###...       6%          1    None
 Slow                     Hex            ###.....     6%          1    None
 Summon Butterflies       Summ           ###.....     6%          1    None
 Summon Small Mammal      Summ           ###.         6%          1    None
 Call Imp                 Summ           ###...       10%         2    None
 Ensorcelled Hibernation  Hex/Ice        ###...       10%         2    None
 Call Canine Familiar     Summ           ###.....     19%         3    None
 Confuse                  Hex            ###.....     19%         3    None
 Ozocubu's Armour         Chrm/Ice       ###.....     19%         3    None
 Tukima's Dance           Hex            ###.....     19%         3    None
 Vampiric Draining        Necr           ###.......   19%         3    None
 Silence                  Hex/Air        #####.....   19%         5    None
 Summon Lightning Spire   Summ/Air       #####...     19%         5    None
 Agony                    Necr           ###.....     54%         4    None
 Animate Dead             Necr           N/A          54%         4    None
 Cause Fear               Hex            ###.......   54%         4    None
 Ice Form                 Ice/Tmut       ###.....     54%         4    None
 Summon Ice Beast         Ice/Summ       ###.....     54%         4    None
 Dispel Undead            Necr           ###.....     87%         5    None
 Deflect Missiles         Chrm/Air       #####.....   71%         6    ###....
 Borgnjor's Vile Clutch   Necr/Erth      ###.......   100%        6    ###....
 Darkness                 Hex            ###.......   100%        6    ###....
 Infestation              Hex/Tmut/Pois  ###......    100%        6    ###....
 Shadow Creatures         Summ           N/A          100%        7    #####..
 Time Stop                Chrm/Tloc      N/A          100%        8    ######.
 Tornado                  Tloc/Air       #####.....   100%        8    ######.


Dungeon Overview and Level Annotations

Branches:
Dungeon (12/12)            Temple (1/1) D:6            Lair (6/6) D:7
  Snake (3/3) Lair:3       Spider (3/3) Lair:2        Slime (0/5) Lair:5
    Orc (1/1) D:8             Elf (0/3) Orc          Vaults (2/3) D:12
  Crypt (1/2) Vaults:1     Depths (0/5) D:12

Altars:
Gozag
Lugonu
Makhleb
Nemelex Xobeh
Okawaru
Qazlal
Ru
Trog
Vehumet
Xom
Yredelemnul
Jiyva

Shops:
D:5 %   D:7 (   D:8 :   Orc *(=%!   Snake:1 =[   Vaults:1 ?   Vaults:2 =[%*(

Annotations:
D:9 1 runed translucent door, pecorinoman's ghost, novice TrMA
D:11 3 runed translucent doors, Sarzael's ghost, journeyman DsMA
Spider:2 exclusion: orange crystal statue


Innate Abilities, Weirdness & Mutations

You have a pair of large antennae on your head. (SInv)
Your bones are mutable (Dex +15) but body armour is less effective.
You resist negative energy. (rN+)
You regenerate health from kills.
You are somewhat able to resist unholy torments (1 in 2 success).
When hurt, damage is shared between your health and your magic reserves.
You regenerate magic rapidly.
Your melee attacks may debilitate your foes.


Message History

Press: ? - help, Shift-Dir - straight line, f/p - phantasmal warrior
Aim: a phantasmal warrior (moderately damaged, summoned)
The orb of energy hits the phantasmal warrior!!
The phantasmal warrior is almost destroyed.
You hear a shout!
The phantasmal warrior barely misses you.
Casting: Iskenderun's Mystic Blast (safe; 0% risk of failure)
Confirm with . or Enter, or press ? or * to list all spells.
Aiming: Iskenderun's Mystic Blast (safe; 0% risk of failure)
Press: ? - help, Shift-Dir - straight line, f/p - phantasmal warrior
Aim: a phantasmal warrior (almost destroyed, summoned)
The orb of energy hits the phantasmal warrior!
You destroy the phantasmal warrior!
The phantasmal warrior misses you.
The vampire knight blinks!
There is a stone staircase leading down here.
The phantasmal warrior hits you!!
* * * LOW HITPOINT WARNING * * *
The vampire knight hits you with a +0 war axe.
You die...

##)#...#####.####.)..#
#.V.####...#.# #....#
#...####...#{# #....# ..
.......#...#.####....#####.#.#
...#.....{.{*{................
...#...#########*....### ....
##.##### #.###.####... #^# #W#
#.....#z# #.#
########@###.....#.# #.#
##.......V........#.#.##.. #..
.........⌠..[...)......... ...
##.............####.#.##.# ...
#######'''##### ... ....
##...## ....# #.....# ....#
##..)## { V#Z## #..)..# .#.#


You could see a vampire knight (invisible), a phantasmal warrior and a lost
soul.

Vanquished Creatures
  Saint Roka (Snake:3)
  Arachne (Spider:3)
  Nikola (Snake:3)
  Jorgrun (Snake:3)
  An Ice Fiend (IceCv)
  An ancient champion (Vaults:1)
  A sphinx (Vaults:2)
  6 nagarajas (Snake:3)
  Donald (Snake:3)
  A frost giant (D:12)
  4 ghost moths (Spider:3)
  3 vault wardens (Vaults:1)
  5 emperor scorpions
  A stone giant (Vaults:2)
  3 ironheart preservers
  2 vampire knights (Crypt:1)
  A jiangshi (Crypt:1)
  2 entropy weavers
  2 dire elephants (Vaults:1)
  An eidolon (Crypt:1)
  An ettin (Vaults:2)
  A spark wasp (Spider:3)
  Josephine (Lair:6)
  A fire dragon (Lair:6)
  The ghost of foxfromabyss the Unseen, a journeyman SpEn of Ashenzari (Lair:6)
  5 yaktaur captains
  2 quicksilver dragon zombies (Crypt:1)
  3 ice dragons
  12 naga warriors
  2 vault guards
  Psyche (D:8)
  2 rakshasas
  5 hydras
  13 anacondas
  7 ogre magi
  A great orb of eyes (D:12)
  A shadow wraith (Vaults:2)
  33 two-headed ogres
  2 death knights
  3 tengu warriors (D:11)
  A sea snake (Snake:3)
  An ironheart beastmaster (Vaults:1)
  3 vampire magi
  A deep elf knight (Vaults:2)
  12 naga sharpshooters
  A shock serpent (Snake:3)
  A goliath frog (Lair:6)
  5 deep trolls
  A salamander mystic (Snake:2)
  6 skeletal warriors
  27 centaur warriors
  7 naga ritualists
  A swamp dragon (Lair:6)
  A flayed ghost (Crypt:1)
  3 unseen horrors
  Pikel (D:7)
  4 phantasmal warriors
  An orange crystal statue (Spider:2)
  2 orc knights
  7 cyclopes
  6 ironheart convokers
  8 wolf spiders
  A wizard (Vaults:1)
  A deep elf archer (Vaults:2)
  A necromancer (Vaults:2)
  13 orb spiders
  5 deep elf magi
  3 harpies (D:12)
  9 ugly things
  A mana viper (Snake:1)
  An orc sorcerer (Orc)
  5 oklob plants
  A stone giant zombie (Vaults:2)
  22 slime creatures
  4 moths of wrath
  A manticore (D:12)
  4 salamanders
  6 elephants (Lair:5)
  Joseph (D:10)
  2 ice statues (IceCv)
  14 guardian serpents
  15 naga magi
  7 vault sentinels
  21 black mambas
  9 cane toads
  6 yaktaurs
  25 jumping spiders
  4 torpor snails
  9 komodo dragons
  5 rime drakes
  7 demonic crawlers
  2 eyes of draining
  2 freezing wraiths
  A guardian mummy (Crypt:1)
  A yaktaur skeleton (Vaults:2)
  12 ice devils (IceCv)
  11 trolls
  4 meliai (D:10)
  A queen bee (D:11)
  A queen bee (shapeshifter) (D:12)
  10 polar bears
  2 polar bears (shapeshifter)
  5 hornets
  A raiju (shapeshifter) (Vaults:1)
  A blink frog (shapeshifter) (Vaults:1)
  A fire giant simulacrum (Vaults:1)
  An ettin zombie (Vaults:2)
  18 blink frogs
  2 raiju (Lair:6)
  2 dream sheep (D:10)
  8 hippogriffs
  A shadow (D:12)
  21 tarantellas
  5 wraiths
  56 yaks
  An alligator skeleton (Crypt:1)
  2 vampires (D:12)
  4 basilisks
  2 wyverns
  2 vampire mosquitoes (D:10)
  4 hungry ghosts
  35 redbacks
  Menkaure (Ossuary)
  A steam dragon (Lair:6)
  A harpy simulacrum (D:12)
  A spectral cane toad (Lair:6)
  15 crocodiles
  A two-headed ogre zombie (D:8)
  50 nagas
  15 hell hounds (Lair:6)
  6 wargs
  13 water moccasins
  4 acid dragons
  A hydra simulacrum (Lair:6)
  5 porcupines
  A black bear (shapeshifter) (Vaults:2)
  10 orc warriors
  5 sky beasts
  12 black bears
  3 ice beasts
  31 ogres
  3 phantoms
  2 black mamba simulacra (Lair:6)
  A necrophage (D:10)
  23 wolves
  5 boggarts (Vaults:2)
  6 kobold brigands
  12 bullfrogs
  13 centaurs
  4 scorpions
  A warg zombie (Crypt:1)
  An elephant simulacrum (Lair:6)
  33 killer bees
  2 troll zombies
  4 wights
  A torpor snail simulacrum (Lair:6)
  4 electric eels
  A howler monkey (D:2)
  9 orc priests
  5 crimson imps
  A bullfrog zombie (D:7)
  A human simulacrum (Vaults:2)
  7 hounds
  A quasit (D:11)
  5 human zombies
  Crazy Yiuf (D:4)
  2 jellies
  4 bullfrog skeletons
  Jessica (D:3)
  3 iguanas
  Ijyb (D:3)
  13 orc wizards
  16 worker ants
  8 ogre zombies
  A hound zombie (D:9)
  A dwarf skeleton (Crypt:1)
  12 mummies
  A worker ant zombie (D:10)
  2 centaur zombies (Ossuary)
  3 gnolls (D:6)
  10 adders
  A howler monkey skeleton (D:6)
  2 shadow imps
  8 white imps (IceCv)
  6 ufetubi (IceCv)
  2 oozes (D:3)
  4 adder zombies (Ossuary)
  2 adder skeletons
  A lava snake skeleton (Crypt:1)
  5 worms
  A barachi zombie (Crypt:1)
  2 dart slugs
  7 leopard geckos
  65 orcs
  A ball python (D:4)
  7 giant cockroaches
  5 goblins
  10 hobgoblins
  5 jackals
  15 kobolds
  5 quokkas
  6 bats
  6 frilled lizards
  A goblin skeleton (D:8)
  5 goblin zombies
  A hobgoblin skeleton (D:8)
  9 hobgoblin zombies
  2 kobold zombies (Ossuary)
  An orc skeleton (D:8)
  16 orc zombies (D:8)
  4 quokka zombies (Ossuary)
  11 rats
  5 rat zombies (Ossuary)
  2 fungi
  5 plants
1286 creatures vanquished.

Vanquished Creatures (collateral kills)
  An ogre mage (Orc)
  A two-headed ogre (Orc)
  An orc warrior (Orc)
  5 ogres (Orc)
  An orc priest (Orc)
  An orc wizard (Orc)
  An orc (Orc)
11 creatures vanquished.

Vanquished Creatures (others)
  A guardian serpent (Snake:3)
  A tengu conjurer (D:12)
  A tarantella (Spider:3)
  A phantom (D:7)
  2 slaves (D:7)
  2 wights (D:7)
  An adder (D:7)
  4 white imps (IceCv)
  An ufetubus (IceCv)
  143 ball lightnings
  3 fungi
  19 plants
179 creatures vanquished.

Grand Total: 1476 creatures vanquished

Notes
Turn   | Place    | Note
-------+----------+-------------------------------------------
     0 | D:1      | kuniqs the Demonspawn Conjurer began the quest for the Orb.
     0 | D:1      | Reached XP level 1. HP: 13/13 MP: 3/3
   202 | D:1      | Gained mutation: When hurt, damage is shared between your
                  | health and your magic reserves. [demonic ancestry]
   202 | D:1      | Reached XP level 2. HP: 19/19 MP: 0/5
   205 | D:1      | Learned a level 2 spell: Searing Ray
   775 | D:1      | Gained mutation: You regenerate magic rapidly. [demonic
                  | ancestry]
   775 | D:1      | Reached XP level 3. HP: 24/24 MP: 2/6
   934 | D:2      | Found a white marble altar of Elyvilon.
   992 | D:2      | Found a basalt altar of Yredelemnul.
  1270 | D:2      | Reached skill level 5 in Conjurations
  1270 | D:2      | Reached XP level 4. HP: 19/30 MP: 2/8
  1529 | D:2      | Noticed a sky beast
  1536 | D:2      | Killed a sky beast
  1537 | D:2      | Gained mutation: Your skeleton is somewhat flexible. (Dex
                  | +3) [demonic ancestry]
  1537 | D:2      | Reached XP level 5. HP: 30/35 MP: 1/9
  1705 | D:2      | Reached skill level 6 in Conjurations
  2314 | D:3      | Noticed Ijyb
  2314 | D:3      | Noticed Jessica
  2339 | D:3      | Killed Ijyb
  2352 | D:3      | Killed Jessica
  2375 | D:3      | Got a translucent glass ring
  2377 | D:3      | Identified the ring "Xaunavi" {+Fly rC- Dex+5} (You found
                  | it on level 3 of the Dungeon)
  2451 | D:3      | Gained mutation: Your skeleton is quite flexible. (Dex +6)
                  | [demonic ancestry]
  2451 | D:3      | Reached XP level 6. HP: 41/41 MP: 6/11
  2609 | D:3      | HP: 1/41 [poisoned by an orc wizard]
  2966 | D:4      | Reached skill level 7 in Conjurations
  2989 | D:4      | Gained mutation: You have a pair of small antennae on your
                  | head. [demonic ancestry]
  2989 | D:4      | Reached XP level 7. HP: 46/46 MP: 6/13
  3004 | D:4      | Found a bloodstained altar of Trog.
  3081 | D:4      | Found a sand-covered staircase.
  3099 | Ossuary  | Entered an ossuary
  3448 | Ossuary  | Reached skill level 8 in Conjurations
  3690 | Ossuary  | Noticed Menkaure
  3702 | Ossuary  | Killed Menkaure
  3705 | Ossuary  | Gained mutation: You have a pair of antennae on your head.
                  | [demonic ancestry]
  3705 | Ossuary  | Reached XP level 8. HP: 33/52 MP: 0/15
  3874 | D:4      | Found a runed door.
  4227 | D:4      | Reached skill level 5 in Spellcasting
  4458 | D:4      | Noticed Crazy Yiuf
  4461 | D:4      | Killed Crazy Yiuf
  4503 | D:5      | Entered Level 5 of the Dungeon
  4623 | D:5      | Noticed Edmund
  4624 | D:5      | Noticed Edmund
  4624 | D:5      | Edmund changed into Edmund the iguana
  4631 | D:5      | Killed Edmund the iguana
  4858 | D:5      | Found Lughokk's Food Shop.
  4892 | D:5      | Reached skill level 9 in Conjurations
  5482 | D:6      | Found a burning altar of Makhleb.
  5482 | D:6      | Noticed an Executioner
  5537 | D:6      | Reached XP level 9. HP: 57/57 MP: 13/17
  5832 | D:6      | Reached skill level 10 in Conjurations
  5897 | D:6      | Reached skill level 5 in Stealth
  6008 | D:6      | Found a staircase to the Ecumenical Temple.
  6015 | Temple   | Entered the Ecumenical Temple
  6021 | Temple   | Became a worshipper of Vehumet
  6077 | D:6      | Found a sacrificial altar of Ru.
  6122 | D:6      | Noticed a two-headed ogre
  6135 | D:6      | Killed a two-headed ogre
  6136 | D:6      | Reached skill level 5 in Dodging
  6136 | D:6      | Reached XP level 10. HP: 63/63 MP: 11/20
  6338 | D:6      | Found an opulent altar of Gozag.
  6339 | D:6      | Found a glowing silver altar of Zin.
  6652 | D:7      | Reached skill level 11 in Conjurations
  6712 | D:7      | Noticed Pikel
  6721 | D:7      | Killed Pikel
  6726 | D:7      | Learned a level 3 spell: Iskenderun's Mystic Blast
  6772 | D:7      | Found Fiutt's Weapon Shoppe.
  7053 | D:7      | Reached * piety under Vehumet
  7053 | D:7      | Offered knowledge of Sting by Vehumet.
  7225 | D:7      | Found a staircase to the Lair.
  7997 | D:8      | Reached ** piety under Vehumet
  7997 | D:8      | Offered knowledge of Flame Tongue by Vehumet.
  8150 | D:8      | Found a staircase to the Orcish Mines.
  8206 | D:8      | Got a buzzing ring mail
  8217 | D:8      | Identified the +1 ring mail of Makhleb's Reproof {-Tele
                  | Regen+ Int+7} (You found it on level 8 of the Dungeon)
  8259 | D:8      | Noticed Psyche
  8325 | D:8      | Offered knowledge of Mephitic Cloud by Vehumet.
  8330 | D:8      | Learned a level 3 spell: Mephitic Cloud
  8381 | D:8      | Found Zann's Book Shoppe.
  8445 | D:8      | Killed Psyche
  8446 | D:8      | Reached skill level 12 in Conjurations
  8449 | D:8      | Noticed a green ugly thing
  8459 | D:8      | Killed a green ugly thing
  8460 | D:8      | Gained mutation: Your bones are mutable (Dex +15) but body
                  | armour is less effective. [demonic ancestry]
  8460 | D:8      | Reached XP level 11. HP: 25/68 MP: 4/22
  8927 | D:8      | Noticed a cyclops
  8931 | D:8      | Killed a cyclops
  9089 | D:8      | Noticed a centaur warrior
  9100 | D:8      | Killed a centaur warrior
  9215 | D:8      | Killed an unseen horror
  9258 | D:9      | Found a shimmering altar of Xom.
  9258 | D:9      | Noticed a +2 rapier of chaos
  9258 | D:9      | Noticed pecorinoman's ghost (novice TrMA)
  9263 | D:9      | Reached *** piety under Vehumet
  9276 | D:9      | Noticed a two-headed ogre
  9325 | D:9      | Found an iron altar of Okawaru.
  9351 | D:9      | Got a shimmering great sword
  9352 | D:9      | Identified the +8 great sword of Skirmishing {slice, rPois
                  | MR+++ Str-4 Stlth+} (You found it on level 9 of the
                  | Dungeon)
  9378 | D:9      | Noticed a two-headed ogre
  9384 | D:9      | Killed a two-headed ogre
  9566 | D:9      | Offered knowledge of Conjure Flame by Vehumet.
  9576 | D:9      | Learned a level 3 spell: Conjure Flame
  9621 | D:9      | Noticed a cyan ugly thing
  9639 | D:9      | Noticed a cyclops
  9639 | D:9      | Killed a cyan ugly thing
  9645 | D:9      | Killed a cyclops
  9731 | D:9      | Killed a two-headed ogre
  9732 | D:9      | Reached skill level 13 in Conjurations
  9780 | D:9      | Found a runed translucent door.
  9782 | D:9      | Got a polished hunting sling
  9783 | D:9      | Identified the +5 hunting sling "Earthworm" {venom, Str+5
                  | Int-3} (You found it on level 9 of the Dungeon)
 10002 | D:10     | Entered Level 10 of the Dungeon
 10005 | D:10     | Noticed a green ugly thing
 10325 | D:10     | Noticed a two-headed ogre
 10328 | D:10     | Killed a two-headed ogre
 10329 | D:10     | Gained mutation: You regenerate a little health from kills.
                  | [demonic ancestry]
 10329 | D:10     | Reached XP level 12. HP: 74/74 MP: 20/24
 10351 | D:10     | Reached **** piety under Vehumet
 10383 | D:10     | Offered knowledge of Sticky Flame by Vehumet.
 10420 | D:10     | Noticed a death knight
 10463 | D:10     | Noticed a two-headed ogre
 10481 | D:10     | Killed a two-headed ogre
 10547 | D:10     | Noticed a two-headed hydra
 10553 | D:10     | Killed a two-headed hydra
 10687 | D:10     | Noticed Joseph
 10696 | D:10     | Killed Joseph
 10779 | D:10     | Learned a level 5 spell: Irradiate
 10826 | D:10     | Killed a death knight
 10827 | D:10     | Reached skill level 14 in Conjurations
 11023 | D:10     | Noticed a seven-headed hydra
 11031 | D:10     | Killed a seven-headed hydra
 11362 | D:11     | Found a runed translucent gate.
 11362 | D:11     | Found a runed translucent gate.
 11363 | D:11     | Noticed a four-headed hydra
 11364 | D:11     | Found a runed translucent gate.
 11372 | D:11     | Noticed Sarzael's ghost (journeyman DsMA)
 11377 | D:11     | Noticed a minotaur
 11422 | D:11     | Noticed a tengu warrior
 11425 | D:11     | Noticed a tengu warrior
 11427 | D:11     | Killed a tengu warrior
 11439 | D:11     | Killed a tengu warrior
 11524 | D:11     | Noticed a two-headed ogre
 11528 | D:11     | Killed a two-headed ogre
 11677 | D:11     | Got a jewelled medium shield
 11697 | D:11     | Reached ***** piety under Vehumet
 11698 | D:11     | Offered knowledge of Bolt of Fire by Vehumet.
 11719 | D:11     | Learned a level 6 spell: Bolt of Fire
 11762 | D:11     | Gained mutation: You regenerate health from kills. [demonic
                  | ancestry]
 11762 | D:11     | Reached XP level 13. HP: 79/79 MP: 26/26
 12335 | D:11     | Reached skill level 10 in Spellcasting
 12652 | D:12     | Entered Level 12 of the Dungeon
 12682 | D:12     | Reached skill level 10 in Stealth
 12682 | D:12     | Reached skill level 15 in Conjurations
 12749 | D:12     | Identified the +5 medium shield of the Abyss {rC+ Str+6
                  | Int-3 Dex-5} (You found it on level 11 of the Dungeon)
 12910 | D:12     | Found a bloodstained altar of Trog.
 13078 | D:12     | Reached skill level 10 in Dodging
 13095 | D:12     | Reached skill level 16 in Conjurations
 13097 | D:12     | Gained mutation: You resist negative energy. (rN+) [demonic
                  | ancestry]
 13097 | D:12     | Reached XP level 14. HP: 85/85 MP: 26/28
 13148 | D:12     | Offered knowledge of Bolt of Draining by Vehumet.
 13175 | D:12     | Learned a level 5 spell: Bolt of Draining
 13300 | D:12     | Noticed a frost giant
 13491 | D:12     | Found a gate to the Vaults.
 13718 | D:12     | Killed a frost giant
 13948 | D:12     | Found a staircase to the Depths.
 14123 | Orc      | Entered the Orcish Mines
 14254 | Orc      | Found a staircase to the Elven Halls.
 14272 | Orc      | Found a roughly hewn altar of Beogh.
 14282 | Orc      | Reached skill level 17 in Conjurations
 14501 | Orc      | Found Noem's Assorted Antiques.
 14528 | Orc      | Found Yfaaqej's Antique Weapon Shoppe.
 14528 | Orc      | Found Veazov's Food Emporium.
 14646 | Orc      | Found Ocrist's Distillery.
 14667 | Orc      | Found Qaxall's Jewellery Shop.
 14804 | Orc      | Bought a purple potion for 23 gold pieces
 14809 | Orc      | Bought an uncursed amulet of regeneration for 384 gold
                  | pieces
 14813 | Orc      | Bought the ring "Wixetugg" {rElec MR+ rCorr Dex+4} for 636
                  | gold pieces
 14825 | Orc      | Bought a potion of brilliance for 68 gold pieces
 14969 | Lair:1   | Entered Level 1 of the Lair of Beasts
 15242 | Lair:1   | Reached skill level 1 in Fighting
 16170 | Lair:2   | Offered knowledge of Bolt of Magma by Vehumet.
 16193 | Lair:2   | Found a hole to the Spider Nest.
 16198 | Lair:2   | Reached ****** piety under Vehumet
 16583 | Lair:3   | Gained mutation: You have a pair of large antennae on your
                  | head. (SInv) [demonic ancestry]
 16583 | Lair:3   | Reached XP level 15. HP: 93/95 MP: 31/31
 16605 | Lair:3   | Got a polished spear
 16786 | Lair:3   | Found a staircase to the Snake Pit.
 16908 | Lair:3   | Identified the cursed +1 spear "Vubov" {vamp, Dex+2} (You
                  | found it on level 3 of the Lair of Beasts)
 18089 | Lair:5   | Reached skill level 18 in Conjurations
 18875 | Lair:5   | Found a viscous altar of Jiyva.
 18882 | Lair:5   | Found a staircase to the Slime Pits.
 19101 | Lair:6   | Entered Level 6 of the Lair of Beasts
 19225 | Lair:6   | Offered knowledge of Poison Arrow by Vehumet.
 19478 | Lair:6   | Noticed Josephine
 19483 | Lair:6   | Killed Josephine
 19515 | Lair:6   | Found a runed translucent gate.
 19516 | Lair:6   | Found a runed translucent gate.
 19517 | Lair:6   | Found a runed translucent gate.
 19538 | Lair:6   | Noticed foxfromabyss's ghost (journeyman SpEn)
 19558 | Lair:6   | Killed foxfromabyss's ghost
 20900 | Lair:6   | Got a jewelled chain mail
 21017 | Snake:1  | Entered Level 1 of the Snake Pit
 21022 | Snake:1  | Offered knowledge of Icicle Burst by Vehumet.
 21083 | Snake:1  | Got a slimy leather armour
 21158 | Snake:1  | Identified the +1 leather armour "Geamaopn" {Regen+ Dex+2}
                  | (You found it on level 1 of the Snake Pit)
 21161 | Snake:1  | Found a frozen archway.
 21177 | Snake:1  | Reached skill level 5 in Fighting
 21239 | IceCv    | Entered an ice cave
 21422 | IceCv    | Reached XP level 16. HP: 109/109 MP: 8/32
 21678 | IceCv    | Noticed an Ice Fiend
 21692 | IceCv    | Killed an Ice Fiend
 21722 | IceCv    | Got a slimy war axe
 21930 | Snake:1  | Found Negyqion's Antique Armour Emporium.
 21966 | Snake:1  | Bought an opalescent robe for 165 gold pieces
 21966 | Snake:1  | Found Vuph's Jewellery Shoppe.
 22166 | Snake:1  | Identified the +7 war axe of Kyffi {antimagic, Int-5 Dex+9
                  | Stlth+} (You found it in an ice cave)
 22169 | Snake:1  | Identified the +1 robe of the Fuzzy Griffon {rElec} (You
                  | bought it in a shop on level 1 of the Snake Pit)
 22801 | Snake:2  | Reached skill level 19 in Conjurations
 23299 | Snake:3  | Entered Level 3 of the Snake Pit
 23455 | Snake:3  | Noticed Donald
 23459 | Snake:3  | Killed Donald
 24148 | Snake:3  | Noticed Saint Roka
 24308 | Snake:3  | Killed Saint Roka
 24442 | Snake:3  | Noticed Jorgrun
 24527 | Snake:3  | Reached XP level 17. HP: 24/120 MP: 4/34
 24792 | Snake:3  | Killed Jorgrun
 24866 | Snake:3  | Offered knowledge of Mana Rupture by Vehumet.
 24963 | Snake:3  | Noticed Nikola
 25185 | Snake:3  | Killed Nikola
 25756 | Snake:3  | Reached skill level 20 in Conjurations
 25800 | Snake:3  | Got a serpentine rune of Zot
 26120 | Orc      | Bought the ring "Ximaunk" {EV+5 Dex+3} for 805 gold pieces
 26252 | Spider:1 | Entered Level 1 of the Spider Nest
 28354 | Spider:3 | Entered Level 3 of the Spider Nest
 28575 | Spider:3 | Gained mutation: You are somewhat able to resist unholy
                  | torments (1 in 2 success). [demonic ancestry]
 28575 | Spider:3 | Reached XP level 18. HP: 131/131 MP: 20/36
 28655 | Spider:3 | Offered knowledge of Conjure Ball Lightning by Vehumet.
 29302 | Spider:3 | Noticed Arachne
 29369 | Spider:3 | Killed Arachne
 29744 | Spider:3 | Got a gossamer rune of Zot
 30043 | Vaults:1 | Entered Level 1 of the Vaults
 30301 | Vaults:1 | Learned a level 6 spell: Conjure Ball Lightning
 30366 | Vaults:1 | Reached skill level 21 in Conjurations
 30423 | Vaults:1 | Found a stormy altar of Qazlal.
 30530 | Vaults:1 | Found a staircase to the Crypt.
 30536 | Vaults:1 | Offered knowledge of Lehudib's Crystal Spear by Vehumet.
 30536 | Vaults:1 | Offered knowledge of Glaciate by Vehumet.
 30536 | Vaults:1 | Offered knowledge of Chain Lightning by Vehumet.
 30557 | Vaults:1 | Learned a level 8 spell: Chain Lightning
 30627 | Vaults:1 | Reached skill level 1 in Air Magic
 30999 | Vaults:1 | Reached skill level 5 in Air Magic
 31328 | Vaults:1 | Found Ikykiuh's Magic Scroll Boutique.
 31344 | Vaults:1 | Bought a scroll of teleportation for 57 gold pieces
 31344 | Vaults:1 | Bought a scroll of blinking for 142 gold pieces
 31455 | Vaults:1 | Identified the +0 helmet of the Untouchables {rF+++ Dex-4
                  | SInv Stlth+}
 31710 | Vaults:2 | Gained mutation: Your melee attacks may debilitate your
                  | foes. [demonic ancestry]
 31710 | Vaults:2 | Reached XP level 19. HP: 102/138 MP: 28/37
 31919 | Vaults:2 | Found Ykhac's Jewellery Emporium.
 32314 | Vaults:2 | Found Fisaf's Antique Armour Boutique.
 32378 | Vaults:2 | Found Kushrooth's General Store.
 32444 | Vaults:2 | Found Sosmuc's Antique Weapon Emporium.
 32459 | Vaults:2 | Bought a pitted hunting sling for 169 gold pieces
 32459 | Vaults:2 | Identified the +11 hunting sling "Gasuwiliaki" {venom,
                  | *Corrode rC+ MR+ Str+2} (You bought it in a shop on level 2
                  | of the Vaults)
 32613 | Vaults:2 | Found Usmechax's Food Shop.
 32913 | Vaults:2 | Identified the +3 arbalest "Wiofuud" {penet, *Drain rF++
                  | Str+2 Stlth+}
 33062 | Crypt:1  | Entered Level 1 of the Crypt
 33161 | Crypt:1  | Reached skill level 10 in Air Magic
 33352 | Crypt:1  | HP: 1/138 [phantasmal warrior[a deep elf death mage] (21)]
 33352 | Crypt:1  | Slain by a vampire knight

Skill      XL: |  1  2  3  4  5  6  7  8  9 10 11 12 13 14 15 16 17 18 19 |
---------------+----------------------------------------------------------+-----
Conjurations   | 5 6 7 8 9 10 12 13 14 16 17 18 19 20 21 | 21.1
Spellcasting   | 3 4 5 6 7 8 9 10 12 13 14 | 14.5
Dodging        | 2 3 5 6 7 8 10 11 12 13 | 13.0
Stealth        | 4 5 7 8 9 10 11 12 13 | 13.0
Fighting       | 2 5 7 8 9 |  9.0
Air Magic      | 7 10 | 10.9

Action                   |  1- 3 |  4- 6 |  7- 9 | 10-12 | 13-15 | 16-18 | 19-21 || total
-------------------------+-------+-------+-------+-------+-------+-------+-------++-------
Melee: Unarmed           |     5 |       |       |       |       |       |       ||     5
       Dagger            |    11 |    61 |   113 |    25 |       |       |       ||   210
       Great sword       |       |       |       |    15 |   233 |   126 |     3 ||   377
 Cast: Magic Dart        |    58 |    71 |    23 |   115 |     3 |       |       ||   270
       Searing Ray       |       |    10 |    55 |    70 |    38 |    22 |       ||   195
       Iskenderun's Myst |       |       |       |   117 |   646 |   802 |   146 ||  1711
       Conjure Flame     |       |       |       |     2 |       |       |       ||     2
       Irradiate         |       |       |       |       |     4 |    18 |       ||    22
       Bolt of Draining  |       |       |       |       |    12 |    44 |     4 ||    60
       Bolt of Fire      |       |       |       |       |       |     8 |       ||     8
       Mephitic Cloud    |       |       |       |       |       |     1 |       ||     1
       Conjure Ball Ligh |       |       |       |       |       |    26 |    23 ||    49
 Abil: Evoke Flight      |       |     1 |       |       |       |       |       ||     1
Evoke: Wand              |       |       |     7 |     6 |     4 |    18 |       ||    35
       Phial of floods   |       |       |       |       |     1 |       |       ||     1
       Lightning rod     |       |       |       |       |       |     7 |     4 ||    11
  Use: Scroll            |     3 |     5 |     6 |    15 |    14 |    14 |     2 ||    59
       Potion            |       |     2 |       |     1 |       |     2 |     1 ||     6
 Stab: Sleeping          |       |       |     7 |     3 |     1 |       |       ||    11
       Paralysed         |       |       |       |     8 |     5 |       |       ||    13
       Distracted        |       |       |       |       |     1 |       |       ||     1
  Eat: Chunk             |     1 |    10 |    10 |    24 |    49 |    40 |     6 ||   140
       Ration            |       |       |     1 |       |       |     4 |     1 ||     6
Armor: Robe              |     6 |    19 |    44 |    33 |       |       |       ||   102
       Skin              |       |     8 |       |       |       |     2 |       ||    10
       Leather armour    |       |       |       |    14 |   108 |    79 |     5 ||   206
Dodge: Dodged            |    11 |    36 |    89 |   233 |   781 |  1126 |    64 ||  2340
